 Dungeon Crawl Stone Soup version 0.29.0-11-gd7f09526c8 (webtiles) character file.

Game seed: 1139664325188592015

7261 xian the Arsonist (level 10, -5/86 HPs)
             Began as a Yellow Draconian Fire Elementalist on Sept 7, 2022.
             Was a Priest of Nemelex Xobeh.
             Slain by Snorg (20 damage)
             ... on level 10 of the Dungeon.
             The game lasted 00:31:57 (11318 turns).

xian the Arsonist (DrFE)                           Turns: 11318, Time: 00:31:58

Health: -5/86      AC: 15    Str: 14    XL:     10   Next: 89%
Magic:  0/21       EV: 13    Int: 21    God:    Nemelex Xobeh [***...]
Gold:   716        SH:  0    Dex: 11    Spells: 17/24 levels left

rFire   . . .      SeeInvis +   K - +11 dagger "Xuviw" {flame, *Noise Str+4 SInv}
rCold   . . .      Faith    .   (no shield)
rNeg    . . .      Spirit   +   (body armour unavailable)
rPois   .          Reflect  .   A - +2 hat
rElec   .          Harm     .   D - +2 cloak {rCorr}
rCorr   +          Rampage  .   (no gloves)
Will    +....                   G - +2 pair of boots
Stlth   ++........              q - amulet of guardian spirit
HPRegen 0.24/turn               w - ring of willpower
MPRegen 0.17/turn               (no ring)

@: short of breath
A: spit acid, AC +7, unfitting armour, cold-blooded, acid resistance, wild magic
1
a: Breathe Acid, Renounce Religion, Draw Escape, Draw Destruction, Draw
Summoning, Triple Draw


You were on level 10 of the Dungeon.
You worshipped Nemelex Xobeh.
Nemelex Xobeh was most pleased with you.
You visited 2 branches of the dungeon, and saw 11 of its levels.

You collected 771 gold pieces.
You spent 55 gold pieces at shops.

Inventory:

Hand Weapons
 x - the +8 war axe of the End of Times {vamp, rElec Str+2}
   (You found it on level 5 of the Dungeon)

   It occasionally heals its wielder for a portion of the damage dealt when it
   wounds a living foe.
   Str:       It affects your strength (+2).
   rElec:     It insulates you from electricity.
 K - the +11 dagger "Xuviw" (weapon) {flame, *Noise Str+4 SInv}
   (You found it on level 8 of the Dungeon)

   It burns those it strikes, dealing additional fire damage.
   Str:       It affects your strength (+4).
   SInv:      It lets you see invisible.
   *Noise:    It may make noises in combat.
Missiles
 z - a throwing net
Armour
 A - a +2 hat (worn)
 D - a +2 cloak of preservation (worn)
 G - a +2 pair of boots (worn)
Jewellery
 q - an amulet of guardian spirit (around neck)
 v - an amulet of regeneration
 w - a ring of willpower (left hand)
Wands
 f - a wand of polymorph (20)
 k - a wand of digging (2)
 r - a wand of iceblast (1)
 y - a wand of charming (25)
 C - a wand of acid (12)
 O - a wand of mindburst (11)
Scrolls
 c - 2 scrolls of vulnerability
 d - 2 scrolls of immolation
 e - 5 scrolls of teleportation
 j - a scroll of magic mapping
 n - 3 scrolls of fog
 o - a scroll of blinking
 p - 3 scrolls of fear
 t - a scroll of enchant armour
 B - a scroll of poison
 E - 3 scrolls of summoning
 H - a scroll of silence
 I - a scroll of enchant weapon
Potions
 a - 2 potions of magic
 b - 5 potions of curing
 g - 2 potions of haste
 h - a potion of mutation
 i - 4 potions of lignification
 l - 4 potions of flight
 m - 3 potions of ambrosia
 u - a potion of berserk rage
 F - a potion of might {unknown}
 M - 2 potions of cancellation {unknown}


   Skills:
 + Level 7.1 Fighting
 + Level 5.6 Short Blades
 + Level 5.5 Dodging
 + Level 4.2 Stealth
 + Level 0.1 Unarmed Combat
 + Level 7.5 Spellcasting
 + Level 7.9 Conjurations
 + Level 8.0 Fire Magic


You had 17 spell levels left.
You knew the following spells:

 Your Spells              Type           Power      Damage    Failure   Level
a - Foxfire               Conj/Fire      100%       2x1d9     1%          1
b - Scorch                Fire           100%       2d10      1%          2
c - Flame Wave            Conj/Fire      52%        2d13      5%          4

Your spell library contained the following spells:

 Spells                   Type           Power      Damage    Failure   Level
 Conjure Flame            Conj/Fire      52%        6-21      1%          3
 Sticky Flame             Conj/Fire      52%        2d7       5%          4
 Inner Flame              Hex/Fire       32%        N/A       8%          3
 Stone Arrow              Conj/Erth      62%        3d10      8%          3
 Beastly Appendage        Tmut           20%        N/A       13%         1
 Necrotise                Necr           40%        1d6       13%         1
 Slow                     Hex            40%        N/A       13%         1
 Sting                    Tmut/Pois      40%        1d5       13%         1
 Ignite Poison            Fire/Tmut/Pois 24%        N/A       13%         3
 Poisonous Vapours        Pois/Air       20%        N/A       19%         2
 Wereblood                Tmut           10%        N/A       19%         2
 Confusing Touch          Hex            10%        N/A       34%         3
 Frozen Ramparts          Ice            20%        1d4       34%         3
 Spider Form              Tmut/Pois      10%        N/A       34%         3
 Vampiric Draining        Necr           10%        2d6       34%         3
 Animate Dead             Necr           10%        N/A       71%         4
 Ice Form                 Ice/Tmut       10%        N/A       71%         4
 Olgreb's Toxic Radiance  Pois           10%        N/A       71%         4
 Summon Ice Beast         Ice/Summ       10%        N/A       71%         4
 Agony                    Necr           10%        N/A       96%         5
 Borgnjor's Vile Clutch   Necr/Erth      5%         N/A       96%         5
 Death Channel            Necr           5%         N/A       100%        6
 Lehudib's Crystal Spear  Conj/Erth      15%        10d5      100%        8
 Animate Armour           Summ/Erth      Unusable   N/A       N/A         4

Dungeon Overview and Level Annotations

Branches:
Dungeon (10/15)            Temple (1/1) D:4             Orc (0/2) D:9
   Lair: D:8-11

Altars:
Ashenzari
Cheibriados
Elyvilon
Fedhas
Gozag
Hepliaklqana
Kikubaaqudgha
Makhleb
Nemelex Xobeh
Okawaru
Qazlal
Ru
Sif Muna
Trog
Uskayaw
Vehumet
Wu Jian
Xom
Yredelemnul
Zin
The Shining One

Shops:
D:3 (   D:10 !

Annotations:
D:10 Snorg


Innate Abilities, Weirdness & Mutations

You can spit globs of acid.
Your golden yellow scales are hard. (AC +7)
You cannot fit into any form of body armour.
You are cold-blooded and may be slowed by cold attacks.
You are resistant to acid. (rCorr)
Your spells are a little harder to cast, but a little more powerful.


Message History

Press: ? - help, Shift-Dir - straight line, f - Snorg
Aim: Snorg (severely wounded, berserk, covered in acid)
The wavering orb of destruction weakly hits Snorg!
Snorg is almost dead.
Snorg completely misses you. Snorg misses you.
Snorg claws you but does no damage.
Your orb of destruction hits a rock wall.
Snorg bites you but does no damage. Snorg barely misses you.
Snorg claws you but does no damage.
Snorg rages.
Your orb of destruction hits a rock wall.
Snorg barely misses you. Snorg claws you. Snorg misses you.
You puncture Snorg! You burn Snorg.
Snorg is almost dead.
Snorg bites you. Snorg claws you.
* * * LOW HITPOINT WARNING * * *
Snorg completely misses you.
Casting: Flame Wave (dangerous; 5% risk of failure)
Confirm with . or Enter, or press ? or * to list all spells.
You conjure some foxfire!
Snorg is no longer covered in acid.
Snorg bites you!
* * * LOW HITPOINT WARNING * * *
Snorg closely misses you. Snorg claws you but does no damage. Snorg misses you.
Snorg claws you.
* * * LOW HITPOINT WARNING * * *
Snorg completely misses you.
You feel much better.
The foxfire hits Snorg!
Snorg is almost dead.
The foxfire hits Snorg!
Snorg is almost dead.
Snorg bites you but does no damage. Snorg claws you.
* * * LOW HITPOINT WARNING * * *
Snorg misses you.
You draw a card...
You have drawn the Elements.
Snorg misses you.
Snorg claws you but does no damage. x2; Snorg bites you but does no damage.
Snorg completely misses you. Snorg claws you but does no damage.
Your basilisk barely misses Snorg.
Unknown command.
Snorg attacks as you move away! Snorg bites you!!
You die...
Your body glows slightly and disappears.

..
..##############...
.......l...........
.......@T.v........
######.h...........
#####...†.........
(.................
...............P.P
#######..†......P.
##########∩†####..P.P
..........)††..†.P.P.
.......)..........P.


You could see Snorg (berserk, ally target), a friendly raiju (summoned), a
friendly basilisk (summoned) and a friendly fire vortex (summoned).

Vanquished Creatures
  Joseph (D:8)
  A gargoyle (D:10)
  Sigmund (D:6)
  11 yaks
  Grum (D:8)
  4 steam dragons
  2 vampire mosquitoes (D:10)
  A water moccasin (D:8)
  An acid dragon (D:8)
  An ice beast (D:5)
  2 orc warriors
  2 sky beasts (D:6)
  2 black bears
  3 wolves (D:8)
  5 centaurs
  2 ogres
  2 bullfrogs (D:10)
  2 necrophages
  2 scorpions
  6 killer bees
  A howler monkey (D:6)
  3 electric eels (D:9)
  A lava snake (D:8)
  2 orc priests
  4 jellies
  Crazy Yiuf (D:7)
  3 hounds
  Ijyb (D:3)
  Terence (D:3)
  5 iguanas
  5 orc wizards
  Robin (D:3)
  14 gnolls
  6 adders
  A shadow imp (D:7)
  A white imp (D:5)
  An ufetubus (D:5)
  A worm (D:4)
  4 dart slugs
  14 orcs
  8 ball pythons
  6 bats
  9 endoplasms
  11 goblins
  6 hobgoblins
  10 jackals
  A quokka (D:2)
  2 frilled lizards (D:1)
  5 kobolds
  7 rats
187 creatures vanquished.

Vanquished Creatures (collateral kills)
  3 yaks (D:10)
  A bullfrog (D:10)
  A killer bee (D:10)
  2 foxfires (D:3)
7 creatures vanquished.

Vanquished Creatures (others)
  An orc (D:8)
  407 foxfires
  7 fungi (D:10)
  16 plants
431 creatures vanquished.

Grand Total: 625 creatures vanquished

Notes
Turn   | Place    | Note
-------+----------+-------------------------------------------
     0 | D:1      | xian the Draconian Fire Elementalist began the quest for
                  | the Orb.
     0 | D:1      | Reached XP level 1. HP: 14/14 MP: 3/3
   261 | D:1      | Reached XP level 2. HP: 16/20 MP: 1/5
   330 | D:1      | Learned a level 2 spell: Scorch
   819 | D:1      | Found a faded altar of an unknown god.
  1372 | D:2      | Reached XP level 3. HP: 26/26 MP: 1/6
  2183 | D:2      | Reached skill level 5 in Fighting
  2183 | D:2      | Reached skill level 5 in Spellcasting
  2183 | D:2      | Reached skill level 5 in Conjurations
  2183 | D:2      | Reached skill level 6 in Fire Magic
  2183 | D:2      | Reached XP level 4. HP: 42/42 MP: 8/11
  2225 | D:2      | Learned a level 4 spell: Flame Wave
  2226 | D:3      | Noticed Robin
  2334 | D:3      | Noticed Ijyb
  2340 | D:3      | Killed Ijyb
  2348 | D:3      | Reached XP level 5. HP: 48/48 MP: 3/13
  2625 | D:3      | Killed Robin
  2790 | D:3      | Found an ancient bone altar of Kikubaaqudgha.
  2791 | D:3      | Found Juash's Weapon Shoppe.
  3189 | D:3      | Noticed Terence
  3212 | D:3      | Killed Terence
  3363 | D:4      | Noticed an ogre
  3374 | D:4      | Killed an ogre
  3375 | D:4      | Reached XP level 6. HP: 56/56 MP: 5/14
  3806 | D:4      | Found a staircase to the Ecumenical Temple.
  3815 | D:4      | Identified the +5 short sword of Nerug {flame, rN++ Str-5
                  | Int+4}
  3833 | Temple   | Entered the Ecumenical Temple
  4024 | Temple   | Became a worshipper of Nemelex Xobeh the Trickster
  4451 | D:4      | Your scales start taking on a golden yellow colour.
  4451 | D:4      | Reached XP level 7. HP: 61/61 MP: 5/15
  4451 | D:4      | Gained mutation: You are resistant to acid. (rCorr) [Yellow
                  | Draconian growth]
  4847 | D:5      | Entered Level 5 of the Dungeon
  5139 | D:5      | Reached * piety under Nemelex Xobeh
  5488 | D:5      | Received a gift from Nemelex Xobeh
  5489 | D:5      | Found a hazy altar of Hepliaklqana.
  5737 | D:5      | Identified the +8 war axe of the End of Times {vamp, rElec
                  | Str+2}
  6161 | D:6      | Reached XP level 8. HP: 69/69 MP: 11/17
  6219 | D:6      | Noticed Sigmund
  6278 | D:6      | Killed Sigmund
  6279 | D:6      | Reached skill level 1 in Short Blades
  6279 | D:6      | Reached skill level 7 in Fire Magic
  6529 | D:6      | Reached ** piety under Nemelex Xobeh
  6718 | D:6      | HP: 1/69 [steam dragon/ball of steam (12)]
  7053 | D:6      | Received a gift from Nemelex Xobeh
  7592 | D:6      | Found a blossoming altar of Fedhas.
  7721 | D:7      | Reached XP level 9. HP: 29/75 MP: 10/19
  8175 | D:7      | Found a runed translucent door.
  8176 | D:7      | Noticed Crazy Yiuf
  8182 | D:7      | Killed Crazy Yiuf
  8537 | D:7      | Received a gift from Nemelex Xobeh
  8606 | D:8      | Found a radiant altar of Vehumet.
  9011 | D:8      | Identified the +1 robe "Uhomu" {rPois rC- Will+}
  9206 | D:8      | Received a gift from Nemelex Xobeh
  9377 | D:8      | Noticed Grum
  9384 | D:8      | Killed Grum
  9397 | D:8      | Reached XP level 10. HP: 72/84 MP: 2/20
  9696 | D:8      | Identified the +11 dagger "Xuviw" {flame, *Noise Str+4
                  | SInv}
  9927 | D:8      | Noticed Joseph
  9950 | D:8      | Killed Joseph
 10266 | D:9      | Reached *** piety under Nemelex Xobeh
 10805 | D:9      | Found a staircase to the Orcish Mines.
 10969 | D:9      | Reached skill level 5 in Dodging
 11193 | D:10     | Entered Level 10 of the Dungeon
 11193 | D:10     | Found Vairchie's Distillery.
 11207 | D:10     | Reached skill level 5 in Short Blades
 11210 | D:10     | Reached skill level 8 in Fire Magic
 11224 | D:10     | Noticed a gargoyle
 11231 | D:10     | Killed a gargoyle
 11255 | D:10     | Bought a potion of heal wounds for 55 gold pieces
 11255 | D:10     | Gained mutation: Your spells are a little harder to cast,
                  | but a little more powerful. [potion of mutation]
 11255 | D:10     | Gained mutation: Your body sometimes deteriorates upon
                  | taking damage. [potion of mutation]
 11255 | D:10     | Lost mutation: Your body sometimes deteriorates upon taking
                  | damage. [potion of mutation]
 11272 | D:10     | Noticed Snorg
 11314 | D:10     | HP: 2/86 [Snorg (5)]
 11318 | D:10     | Slain by Snorg

Illustrated notes

Levels and vault maps discovered:
D:1:      spicycebolla_arrival_xxxplode, layout_rooms,
          dreamdust_ecumenical_altar_grove, grunt_decor_resistance
D:2:      layout_rooms
D:3:      layout_rooms, kiku_gazebo_garden_becter, serial_shops,
          nicolae_shop_window_shopping, nrook_loot_triangle, uniq_robin,
          uniq_terence, uniq_ijyb
D:4:      layout_basic, minmay_temple_entry_offerings, grunt_ministairs_9,
          minivault_4, minmay_crystal_water, minmay_stone_trees_medium
D:5:      layout_loops_corners, nicolae_hepliaklqana_hazy_memory,
          grunt_decor_mini_mirrors
D:6:      layout_loops_corners, kennysheep_mini_moat, uniq_sigmund
D:7:      layout_rooms, uniq_crazy_yiuf_cottage
D:8:      layout_loops_ring, fiery_altar_vehumet, kennysheep_opposing_triangles,
          uniq_grum, uniq_joseph
D:9:      layout_cross, orc_0_dummy, chequers_big_river
D:10:     layout_long_grid, nicolae_dithmenos_through_a_glass_darkly,
          grunt_lair_entry_orc_guard_hut, serial_shops, nicolae_square_shop,
          shop, shop, nicolae_shop_waterfront, shop_fountains,
          kennysheep_generic_room_9, uniq_snorg, uniq_josephine
Temple:   nicolae_temple_bog_church

Skill      XL: |  1  2  3  4  5  6  7  8  9 10 |
---------------+-------------------------------+-----
Dodging        | 2 3 4 5 |  5.5
Stealth        | 2 3 4 |  4.2
Fighting       | 5 6 7 |  7.1
Spellcasting   | 5 6 7 |  7.5
Conjurations   | 5 6 7 |  7.9
Fire Magic     | 6 7 8 |  8.0
Short Blades   | 1 3 5 |  5.6
Unarmed Combat | |  0.1

Action                   |  1- 3 |  4- 6 |  7- 9 | 10-12 || total
-------------------------+-------+-------+-------+-------++-------
Melee: Hand axe          |    14 |       |       |       ||    14
       Unarmed           |     7 |       |       |       ||     7
       Tailslap          |     2 |     5 |    15 |    19 ||    41
       Punch             |     1 |     1 |     2 |     1 ||     5
       Dagger            |       |    28 |       |    79 ||   107
       Short sword       |       |     1 |   101 |    25 ||   127
 Cast: Foxfire           |    95 |    84 |    58 |     4 ||   241
       Flame Wave        |       |     6 |    20 |     3 ||    29
Invok: Draw Summoning    |       |       |       |     2 ||     2
       Draw Destruction  |       |       |       |     1 ||     1
 Abil: Breathe Acid      |       |       |    15 |     5 ||    20
  Use: Scroll            |     7 |     1 |    10 |    10 ||    28
       Potion            |     1 |       |     3 |     4 ||     8
 Stab: Sleeping          |       |       |     1 |       ||     1
Armor: Skin              |    14 |    16 |    60 |    59 ||   149
Dodge: Dodged            |    21 |    38 |    97 |    93 ||   249
